 Dungeon Crawl Stone Soup version 0.29-a0-221-gceb61267dd (webtiles) character file.

Game seed: 10666814478095038989

30 mcwallace the Skirmisher (level 3, 29/29 HPs)
             Began as a Demonspawn Fighter on Feb 26, 2022.
             Quit the game on level 1 of the Dungeon.
             The game lasted 00:01:55 (1172 turns).

mcwallace the Skirmisher (Demonspawn Fighter)       Turns: 1172, Time: 00:01:56

Health: 29/29      AC:  7    Str: 16    XL:     3   Next: 5%
Magic:  3/3        EV:  8    Int:  9    God:
Gold:   23         SH:  5    Dex: 14    Spells: 2/2 levels left

rFire   . . .      SeeInvis .   a - +0 war axe {axe}
rCold   . . .      Faith    .   c - +0 buckler
rNeg    . . .      Spirit   .   b - +0 scale mail
rPois   .          Reflect  .   (no helmet)
rElec   .          Harm     .   (no cloak)
rCorr   .          Rampage  .   (no gloves)
Will    .....                   t - +0 pair of boots
Stlth   ..........              (no amulet)
HPRegen 0.09/turn               (no ring)
MPRegen 0.08/turn               (no ring)

@: no status effects
A: demonic magic 1, weakness stinger 1
a: no special abilities


You were on level 1 of the Dungeon.
You visited 1 branch of the dungeon, and saw 1 of its levels.

You collected 23 gold pieces.


Innate Abilities, Weirdness & Mutations

Spells you cast may paralyse adjacent enemies.
You have a small tail.


   Skills:
 + Level 3.3 Fighting
 + Level 2.2 Axes
 + Level 3.0 Armour
 + Level 3.0 Shields


You had 2 spell levels left.
You didn't know any spells.
Your spell library was empty.

Inventory:

Hand Weapons
 a - a +0 war axe (weapon) {axe}
 p - a +0 whip of holy wrath {mace}
   (You took it off a kobold on level 1 of the Dungeon)
Missiles
 e - 41 stones (quivered) {throwing}
Armour
 b - a +0 scale mail (worn)
 c - a +0 buckler (worn)
 j - a +0 scale mail
   (You found it on level 1 of the Dungeon)
 m - a +0 leather armour
   (You found it on level 1 of the Dungeon)
 t - a +0 pair of boots (worn)
   (You found it on level 1 of the Dungeon)
Scrolls
 f - a scroll of acquirement {unknown}
 h - a scroll of identify {unknown}
 i - a scroll of magic mapping {unknown}
 l - 2 scrolls of noise {unknown}
 n - 2 scrolls of enchant weapon {unknown}
 o - a scroll of teleportation {unknown}
 s - a scroll of fog {unknown}
Potions
 d - a potion of might
 g - a potion of attraction {unknown}
 k - a potion of ambrosia {unknown}
 q - 2 potions of invisibility {unknown}
 r - a potion of flight {unknown}

Dungeon Overview and Level Annotations

Branches:
Dungeon (1/15)

Altars:

#######..##+####.# #.#
##..#.......# #.#
#....############.#
#........#........#
####....###.#.########
#........##.#.#.....##
#........##.#.#.....##
#........##.#........#
#....@................
#........##.########.#
###...#####.########.#
#.#######.#.....##.#
#.#.......'.....+..#
#.#.####.##.....###.
#.#.#...............
#.#.#..#.######.....
#.#....#.# #.....


There were no monsters in sight!


Message History

Key pressed, stopping explore.
s - a scroll labelled WIH UTOEPN 😎 HP[+8]
Your hp is fully restored (24).
Key pressed, stopping explore.
A goblin comes into view. It is wielding a +0 club.
The goblin shouts!
A goblin is nearby!
A goblin is nearby!
A goblin is nearby!
The goblin hits you with a +0 club. 😕 HP[-3]
You take 3 damage, and now have 21/24 hp.
You barely miss the goblin.
The goblin hits you with a +0 club. 😮 HP[-3]
You take 3 damage, and now have 18/24 hp.
You are too injured to fight recklessly!
You are too injured to fight recklessly!
A goblin is nearby!
You are too injured to fight recklessly!
A goblin is nearby!
You are too injured to fight recklessly!
You are too injured to fight recklessly!
You closely miss the goblin. You tail-slap the goblin.
You kill the goblin!
Things that are here:
a +0 club {mace}; a goblin corpse
Things that are here:
a +0 club {mace}; a goblin corpse; 😕 HP[+1]
A quokka comes into view.
A quokka is nearby!
A quokka is nearby!
A quokka is nearby! 😕 HP[+1]
You hit the quokka. The quokka barely misses you.
You block the quokka's attack.
You hit the quokka.
You kill the quokka!
You have reached level 3!
Your experience leads to an increase in your attributes!
Increase (S)trength, (I)ntelligence, or (D)exterity?
You feel agile. x2; Your demonic ancestry asserts itself...
A menacing aura infuses your magic. 😕 HP[+4] MP[+1]
You now have 29 max hp (+5).
You regained 4 hp, and now have 24/29 hp.
Your mp is fully restored (3).
Things that are here:
a +0 club {mace}; a goblin corpse Key pressed, stopping explore.
A giant cockroach comes into view. 😎 HP[+5]
Your hp is fully restored (29).
A giant cockroach is nearby!
The giant cockroach bites you but does no damage. x2
You hit the giant cockroach but do no damage.
The giant cockroach bites you. 😕 HP[-2]
You take 2 damage, and now have 27/29 hp.
You closely miss the giant cockroach.
The giant cockroach bites you but does no damage.
The giant cockroach bites you. 😕 HP[-2]
You take 2 damage, and now have 25/29 hp.
A giant cockroach is nearby!
A giant cockroach is nearby!
You hit the giant cockroach. The giant cockroach barely misses you.
You block the giant cockroach's attack.
A giant cockroach is nearby!
You hit the giant cockroach but do no damage.
The giant cockroach bites you but does no damage. 😕 HP[+1]
You hit the giant cockroach.
You kill the giant cockroach!
No target in view!
No target in view!
You see here a giant cockroach corpse.
Key pressed, stopping explore.
t - a +0 pair of boots 😎 HP[+3]
Your hp is fully restored (29).
Key pressed, stopping explore.
You see here a giant cockroach corpse.
Key pressed, stopping explore.
Partly explored, can't reach some items.
Okay, then.
Partly explored, can't reach some items.
Partly explored, can't reach some items.
Partly explored, can't reach some items.
Partly explored, can't reach some items.
You start putting on your armour.
You continue putting on your +0 pair of boots. x4
You finish putting on your +0 pair of boots.
Partly explored, can't reach some items.
Partly explored, can't reach some items.
Partly explored, can't reach some items.
Partly explored, can't reach some items.
There is a stone staircase leading down here.
There is a stone staircase leading down here.
Are you sure you want to abandon this character and quit the game? (Confirm with "yes".)

Skill      XL: |  1  2 |
---------------+-------+-----
Axes           | 2 |  2.2
Armour         | 3 |  3.0
Shields        | 3 |  3.0
Fighting       | |  3.3

Action                   || total
-------------------------++-------
Melee: War axe           ||    50
       Tailslap          ||     3
Armor: Scale mail        ||    21
Dodge: Dodged            ||    21
Block: Buckler           ||    11

Levels and vault maps discovered:
D:1:      grunt_arrival_lava_bath, layout_basic

Notes
Turn   | Place    | Note
-------+----------+-------------------------------------------
     0 | D:1      | mcwallace the Demonspawn Fighter began the quest for the
                  | Orb.
     0 | D:1      | Reached XP level 1. HP: 18/18 MP: 1/1
     0 | D:1      | magus.rc [v1.9.6]
   437 | D:1      | Reached skill level 2 in Axes
   500 | D:1      | Gained mutation: You have a small tail. [demonic ancestry]
   500 | D:1      | Reached XP level 2. HP: 24/24 MP: 2/2
   700 | D:1      | Reached skill level 3 in Armour
   700 | D:1      | Reached skill level 3 in Shields
   883 | D:1      | Gained mutation: Spells you cast may paralyse adjacent
                  | enemies. [demonic ancestry]
   883 | D:1      | Reached XP level 3. HP: 24/29 MP: 3/3
  1172 | D:1      | Quit the game

Vanquished Creatures
  A gnoll (D:1)
  5 ball pythons (D:1)
  3 endoplasms (D:1)
  A giant cockroach (D:1)
  A goblin (D:1)
  3 kobolds (D:1)
  2 quokkas (D:1)
  A frilled lizard (D:1)
  2 rats (D:1)
19 creatures vanquished.

Table legend:
 A = Non-vault XP
 B = Vault XP
 C = Vault XP percentage of total XP
 D = Non-vault monster count
 E = Vault monster count
 F = Vault count percentage of total count
                 A         B        C        D         E       F
            +---------+---------+-------+---------+---------+-------
      Total |      44 |       0 |   0.0 |      19 |       0 |   0.0
            +---------+---------+-------+---------+---------+-------
        D:1 |      44 |       0 |   0.0 |      19 |       0 |   0.0
            +---------+---------+-------+---------+---------+-------

Illustrated notes

Table legend:
 A = Kills in this place as a percentage of kills in entire the game.
 B = Kills by you in this place as a percentage of kills by you in the entire game.
 C = Kills by friends in this place as a percentage of kills by friends in the entire game.
 D = Other kills in this place as a percentage of other kills in the entire game.
 E = Experience gained in this place as a percentage of experience gained in the entire game.
 F = Experience gained in this place divided by the number of levels of this place that you have seen.
                   A       B       C       D       E      F
               +-------+-------+-------+-------+-------+----------------------
         Total | 100.0 | 100.0 |   N/A |   N/A | 100.0 |  44.0
       Dungeon | 100.0 | 100.0 |   N/A |   N/A | 100.0 |  44.0
               +-------+-------+-------+-------+-------+----------------------

Table legend: (Time is in decaauts)
 A = Elapsed time spent in this place.
 B = Non-inter-level travel time spent in this place.
 C = Inter-level travel time spent in this place.
 D = Time resting spent in this place.
 E = Time spent auto-exploring this place.
 F = Levels seen in this place.
 G = Mean time per level.
                   A        B        C        D        E       F      G
               +--------+--------+--------+--------+--------+-----+--------+
         Total |   1194 |   1194 |      0 |      0 |   1005 |   1 | 1194.0 |
       Dungeon |   1194 |   1194 |      0 |      0 |   1005 |   1 | 1194.0 |
               +--------+--------+--------+--------+--------+-----+--------+

Top non-repeatable levels by time:
     D:1: 1194 daAuts
